 Dungeon Crawl Stone Soup version 0.30-b1-2-g02819fbbbe (webtiles) character file.

Game seed: 6922603687240029378

21644 Flibulle the Earth Mage (level 12, -7/64 HPs)
             Began as a Gargoyle Earth Elementalist on July 15, 2023.
             Was an Elder of Vehumet.
             Shot with a bolt by a tengu warrior (23 damage)
             ... on level 11 of the Dungeon.
             The game lasted 01:29:36 (16631 turns).

Flibulle the Earth Mage (GrEE)                     Turns: 16631, Time: 01:29:36

Health: -7/64      AC: 16    Str: 10    XL:     12   Next: 92%
Magic:  0/25       EV: 12    Int: 25    God:    Vehumet [****..]
Gold:   952        SH:  0    Dex: 14    Spells: 20/30 levels left

rFire   + . .        (no weapon)
rCold   . . .        (no shield)
rNeg    + . .        s - +5 robe "Zesu" {Int+4}
rPois   ∞            (no helmet)
rElec   +            (no cloak)
rCorr   .            r - +0 pair of gloves
SInv    +            (no boots)
Will    .....        F - amulet of guardian spirit
Stlth   +++++        n - ring of see invisible
HPRegen 0.30/turn    O - ring of protection from fire
MPRegen 0.19/turn

%: guardian spirit
@: no status effects
A: sickness immunity, AC +8, negative energy resistance 1, electricity
resistance, torment resistance 1, petrification resistance, agile 1, robust 1
a: Renounce Religion


You were on level 11 of the Dungeon.
You worshipped Vehumet.
Vehumet was greatly pleased with you.
You visited 3 branches of the dungeon, and saw 16 of its levels.
You also visited: Ossuary.

You collected 952 gold pieces.

Inventory:

Missiles
 H - 5 throwing nets
Armour
 m - a +1 cloak of preservation
 r - a +0 pair of gloves (worn)
 s - the +5 robe "Zesu" (worn) {Int+4}
   (You found it on level 3 of the Dungeon)

   Int:       It affects your intelligence (+4).
Jewellery
 n - a ring of see invisible (left hand)
 F - an amulet of guardian spirit (around neck)
 K - a +6 ring of strength
 M - a ring of flight
 O - a ring of protection from fire (right hand)
Wands
 f - a wand of polymorph (9)
 q - a wand of flame (24)
 t - a wand of paralysis (32)
 A - a wand of mindburst (21)
 G - a wand of iceblast (6)
 P - a wand of digging (3)
Scrolls
 a - 4 scrolls of poison
 c - 3 scrolls of brand weapon {unknown}
 d - a scroll of fear {unknown}
 g - a scroll of vulnerability {unknown}
 i - 4 scrolls of amnesia
 l - 3 scrolls of torment {unknown}
 o - 2 scrolls of blinking
 y - 6 scrolls of teleportation
 B - 3 scrolls of enchant armour {unknown}
 D - 2 scrolls of silence {unknown}
 E - a scroll of enchant weapon {unknown}
 I - 3 scrolls of identify
 J - a scroll of noise {unknown}
 L - a scroll of fog {unknown}
Potions
 b - a potion of magic
 e - a potion of resistance {unknown}
 h - 5 potions of might
 j - 4 potions of brilliance
 k - 5 potions of cancellation
 p - 6 potions of flight
 u - a potion of haste
 v - 3 potions of berserk rage
 w - 5 potions of lignification
 x - 8 potions of curing
 z - 3 potions of attraction
 C - 2 potions of ambrosia
 N - 2 potions of heal wounds


   Skills:
 - Level 1.5 Dodging
 + Level 12.3 Stealth
 + Level 9.6 Spellcasting
 * Level 6.9 Conjurations
 - Level 0.7 Transmutations
 * Level 3.9 Fire Magic
 - Level 16.4 Earth Magic


You had 20 spell levels left.
You knew the following spells:

 Your Spells              Type           Power      Damage    Failure   Level
a - Sandblast             Erth           100%       2d20      0%          1
b - Passwall              Tmut/Erth      44%        N/A       1%          2
c - Stone Arrow           Conj/Erth      100%       3d13      1%          3
d - Flame Wave            Conj/Fire      39%        2d11      1%          4

Your spell library contained the following spells:

 Spells                   Type           Power      Damage    Failure   Level
 Olgreb's Toxic Radiance  Pois           12%        N/A       13%         4
 Kiss of Death            Conj/Necr      100%       2d13      1%          1
 Inner Flame              Hex/Fire       22%        N/A       1%          3
 Petrify                  Tmut/Erth      53%        N/A       1%          4
 Ensorcelled Hibernation  Hex/Ice        24%        N/A       8%          2
 Spider Form              Tmut/Pois      13%        N/A       13%         3
 Confusing Touch          Hex            12%        N/A       16%         3
 Portal Projectile        Hex/Tloc       24%        N/A       16%         3
 Swiftness                Air            12%        N/A       16%         3
 Tukima's Dance           Hex            12%        N/A       16%         3
 Vhi's Electric Charge    Tloc/Air       24%        N/A       16%         3
 Yara's Violent Unravell  Hex/Tmut       6%         3d5       30%         5
 Conjure Ball Lightning   Conj/Air       14%        3x3d6     41%         6
 Anguish                  Hex/Necr       6%         N/A       45%         4
 Dispel Undead            Necr           12%        3d9       45%         4
 Manifold Assault         Tloc           12%        N/A       45%         4
 Blade Hands              Tmut           7%         N/A       71%         5
 Metabolic Englaciation   Hex/Ice        6%         N/A       82%         5
 Enfeeble                 Hex            6%         N/A       100%        7
 Discord                  Hex            6%         N/A       100%        8
 Disjunction              Tloc           6%         N/A       100%        8
 Statue Form              Tmut/Erth      Unusable   N/A       N/A         6

Dungeon Overview and Level Annotations

Branches:
Dungeon (11/15)            Temple (1/1) D:7            Lair (4/5) D:8
    Orc (0/2) D:9         Ossuary (visited)
  Swamp: Lair:2-3    Shoals: Lair:2-3     Snake: Lair:2-3    Spider: Lair:2-3
  Slime: Lair:4-5

Altars:
Ashenzari
Cheibriados
Dithmenos
Elyvilon
Fedhas
Gozag
Hepliaklqana
Kikubaaqudgha
Makhleb
Nemelex Xobeh
Okawaru
Qazlal
Ru
Sif Muna
Trog
Uskayaw
Vehumet
Wu Jian
Xom
Yredelemnul
Zin
The Shining One

Shops:
D:4 (   D:6 [   D:9 *

Annotations:
D:10 exclusion: oklob plant
D:11 2 transporters, Ntrails's ghost, journeyman DgFE
Lair:1 exclusion: 2 oklob plants
Lair:2 Amaemon


Innate Abilities, Weirdness & Mutations

You are immune to sickness and miasma.
Your stone body is resilient. (AC +8)
You are immune to poison.
You resist negative energy. (rN+)
You are resistant to electric shocks. (rElec)
You are resistant to unholy torment.
You are immune to petrification.
You are agile. (Dex +4, Str/Int -1)
You are robust. (+10% HP)


Message History

The tengu warrior shoots a bolt.
The bolt hits you!
The komodo dragon hisses menacingly.
Casting: Stone Arrow (safe; 1% risk of failure)
Confirm with . or Enter, or press ? or * to list all spells.
Aiming: Stone Arrow (safe; 1% risk of failure)
Press: ? - help, Shift-Dir - straight line, f/p - tengu warrior
Aim: a tengu warrior, wielding a +0 arbalest and wearing a +0 ring mail (almost dead, 61% to hit)
The stone arrow hits the komodo dragon!!
The komodo dragon is heavily wounded.
Casting: Stone Arrow (safe; 1% risk of failure)
Confirm with . or Enter, or press ? or * to list all spells.
Aiming: Stone Arrow (safe; 1% risk of failure)
Press: ? - help, Shift-Dir - straight line, f/p - tengu warrior
Aim: a tengu warrior, wielding a +0 arbalest and wearing a +0 ring mail (almost dead, 61% to hit)
The stone arrow hits the komodo dragon!
The komodo dragon is almost dead.
The komodo dragon barely misses you.
Casting: Stone Arrow (safe; 1% risk of failure)
Confirm with . or Enter, or press ? or * to list all spells.
You don't have enough magic to cast this spell.
Unknown command.
The komodo dragon attacks as you move away!
The komodo dragon bites you!
The komodo dragon attacks as you move away!
The komodo dragon misses you.
The komodo dragon attacks as you move away!
The komodo dragon closely misses you.
There is an open door here.
Aiming: Sandblast (safe; 0% risk of failure)
Press: ? - help, Q - select action, (/) - cycle Shift-Dir - straight line, f/p - tengu warrior
Aim: a tengu warrior, wielding a +0 arbalest and wearing a +0 ring mail (almost dead, 74% to hit)
The blast of sand hits the komodo dragon!
You kill the komodo dragon!
Vehumet accepts your kill.
The tengu warrior shoots a bolt.
The bolt hits you.
The tengu warrior shoots a bolt.
The bolt hits you!
* * * LOW HITPOINT WARNING * * *
The tengu warrior shoots a bolt.
The bolt misses you.
The tengu warrior shoots a bolt.
The bolt hits you!!
You die...

#############################
....................#.......#
....................#.......#
....................Q.......#
....................#.......#
########'###....@#####.......#
.....#.....#.....#...........#
.....'.....#.....#...........#
.....#.....#.....#...........#
.....#############...........#
.....# #...........# .....#
#.......^...# .....#
#...#.......# ####+#
##+##.......#


You could see a tengu warrior.

Vanquished Creatures
  Harold (Lair:1)
  A hydra (Lair:2)
  2 two-headed ogres (D:10)
  2 ugly things (D:11)
  Maurice (D:8)
  3 black mambas
  4 komodo dragons
  6 cane toads
  A rime drake (Lair:2)
  8 blink frogs
  A wyvern (Lair:3)
  31 yaks
  A shadow (D:11)
  2 basilisks
  A steam dragon (D:8)
  Menkaure (Ossuary)
  3 wargs (D:9)
  3 acid dragons
  14 water moccasins
  3 ice beasts
  4 orc warriors
  4 black bears
  A sky beast (D:6)
  2 centaurs (D:8)
  An ogre (D:5)
  11 wolves
  A phantom (D:5)
  A kobold brigand (D:9)
  11 bullfrogs
  4 gnoll sergeants
  7 scorpions
  2 wights (D:8)
  5 howler monkeys
  4 hounds
  4 jellies
  3 orc priests
  14 orc wizards
  A sleepcap (D:4)
  Natasha (D:3)
  Ijyb (D:5)
  2 hell rats (Lair:2)
  2 iguanas (D:5)
  4 mummies
  Robin (D:3)
  10 adders
  12 gnolls
  9 river rats (Lair:2)
  5 shadow imps
  A white imp (D:7)
  3 ufetubi
  4 worms
  2 dart slugs (D:4)
  34 orcs
  4 ball pythons
  2 endoplasms (D:4)
  5 giant cockroaches
  2 gnoll zombies (Ossuary)
  11 goblins
  4 hobgoblins
  4 jackals
  6 quokkas
  3 bats
  4 frilled lizards
  4 gnoll skeletons (Ossuary)
  7 goblin skeletons (Ossuary)
  4 goblin zombies (Ossuary)
  4 hobgoblin skeletons (Ossuary)
  8 hobgoblin zombies (Ossuary)
  10 kobolds
  7 kobold skeletons (Ossuary)
  5 kobold zombies (Ossuary)
  2 orc skeletons (Ossuary)
  2 orc zombies (Ossuary)
  12 rats
  A rat skeleton (Ossuary)
  4 rat zombies (Ossuary)
  A butterfly (D:7)
376 creatures vanquished.

Vanquished Creatures (others)
  4 fungi
  2 plants
6 creatures vanquished.

Grand Total: 382 creatures vanquished

Notes
Turn   | Place    | Note
-------+----------+-------------------------------------------
     0 | D:1      | Flibulle the Gargoyle Earth Elementalist began the quest
                  | for the Orb.
     0 | D:1      | Reached XP level 1. HP: 10/10 MP: 3/3
   296 | D:1      | Reached skill level 4 in Earth Magic
   296 | D:1      | Reached XP level 2. HP: 14/15 MP: 0/5
   354 | D:1      | Learned a level 2 spell: Passwall
  1152 | D:2      | Reached XP level 3. HP: 19/19 MP: 1/6
  2101 | D:3      | Found a burning altar of Makhleb.
  2202 | D:3      | Found a faded altar of an unknown god.
  2290 | D:3      | Noticed Robin
  2315 | D:2      | Reached XP level 4. HP: 24/24 MP: 4/7
  2590 | D:2      | Reached skill level 5 in Earth Magic
  2618 | D:3      | Killed Robin
  2720 | D:3      | Found a faded altar of an unknown god.
  2724 | D:3      | Found an iron altar of Okawaru.
  2751 | D:3      | Noticed a phantom
  3020 | D:3      | Found a white marble altar of Elyvilon.
  3033 | D:3      | Identified the +5 robe "Zesu" {Int+4}
  3208 | D:3      | Learned a level 3 spell: Stone Arrow
  3405 | D:3      | Noticed Natasha
  3409 | D:3      | Killed Natasha
  3558 | D:3      | Found a sparkling altar of Nemelex Xobeh.
  3730 | D:4      | Reached XP level 5. HP: 28/28 MP: 7/9
  3748 | D:4      | Identified the +7 hand axe of Recklessness {freeze, *Noise
                  | rElec rCorr Str+7}
  3817 | D:4      | Reached skill level 1 in Conjurations
  3867 | D:4      | Found an opulent altar of Gozag.
  3914 | D:4      | Reached XP level 6. HP: 18/32 MP: 5/10
  3966 | D:4      | Reached skill level 6 in Earth Magic
  3973 | D:4      | Found Jom Cyr's Weapon Shoppe.
  3995 | D:4      | Found a sand-covered staircase.
  4038 | Ossuary  | Entered an ossuary
  4711 | Ossuary  | Noticed Menkaure
  4721 | Ossuary  | Killed Menkaure
  4722 | Ossuary  | Reached XP level 7. HP: 36/36 MP: 6/12
  5197 | D:4      | Reached skill level 7 in Earth Magic
  5679 | D:5      | Entered Level 5 of the Dungeon
  5770 | D:5      | Reached skill level 5 in Stealth
  5774 | D:5      | Reached XP level 8. HP: 41/41 MP: 7/14
  5904 | D:5      | Reached skill level 8 in Earth Magic
  5959 | D:5      | Noticed Ijyb
  5966 | D:5      | Killed Ijyb
  6449 | D:5      | Found an ornate altar of the Wu Jian Council.
  6674 | D:6      | Found Omazyowe's Antique Armour Boutique.
  6774 | D:6      | Reached skill level 9 in Earth Magic
  7037 | D:6      | Reached skill level 5 in Spellcasting
  7037 | D:6      | Reached XP level 9. HP: 45/45 MP: 12/16
  7183 | D:6      | Reached skill level 5 in Conjurations
  7199 | D:6      | Got the Folio of Blinking Calefaction
  7683 | D:6      | Gained mutation: You are robust. (+10% HP) [potion of
                  | mutation]
  7902 | D:7      | Reached skill level 10 in Earth Magic
  8134 | D:7      | Identified the +6 dagger "Gargoyle's Doom" {pain, Int+4
                  | Dex+2}
  8291 | D:7      | Found a staircase to the Ecumenical Temple.
  8326 | Temple   | Entered the Ecumenical Temple
  8333 | Temple   | Became a worshipper of Vehumet
  8473 | D:7      | Found a hide-covered altar of Uskayaw.
  8652 | D:8      | Reached skill level 11 in Earth Magic
  8660 | D:8      | Reached XP level 10. HP: 33/55 MP: 0/19
  8797 | D:8      | Found a staircase to the Lair.
  9153 | D:8      | Reached skill level 12 in Earth Magic
  9189 | D:8      | Noticed Maurice
  9193 | D:8      | Killed Maurice
  9277 | D:8      | Reached * piety under Vehumet
  9277 | D:8      | Offered knowledge of Magic Dart by Vehumet.
  9441 | D:8      | HP: 1/55 [black bear (2)]
  9784 | D:8      | Found a glowing silver altar of Zin.
  9833 | D:8      | Found a broken altar of Ashenzari.
  9863 | Lair:1   | Entered Level 1 of the Lair of Beasts
  9918 | D:8      | Reached skill level 13 in Earth Magic
 10066 | Lair:1   | Reached XP level 11. HP: 51/59 MP: 18/22
 10151 | Lair:1   | Reached skill level 10 in Stealth
 10151 | Lair:1   | Reached skill level 14 in Earth Magic
 10225 | Lair:1   | Noticed an oklob plant
 10456 | Lair:1   | Offered knowledge of Freeze by Vehumet.
 10476 | Lair:1   | Reached ** piety under Vehumet
 10485 | Lair:1   | HP: 2/59 [wolf (6)]
 11245 | Lair:1   | Found a blossoming altar of Fedhas.
 11247 | Lair:1   | Noticed an oklob plant
 11406 | Lair:1   | Noticed Harold
 11413 | Lair:1   | Killed Harold
 11414 | Lair:1   | Reached skill level 15 in Earth Magic
 12083 | Lair:2   | Noticed Amaemon
 12246 | Lair:2   | You fall into a shaft and drop 2 floors!
 12361 | Lair:3   | Reached XP level 12. HP: 14/64 MP: 3/24
 12556 | Lair:3   | Lost mutation: You are robust. (+10% HP) [potion of
                  | mutation]
 12556 | Lair:3   | Gained mutation: You are robust. (+10% HP) [potion of
                  | mutation]
 12556 | Lair:3   | Gained mutation: You are agile. (Dex +4, Str/Int -1)
                  | [potion of mutation]
 12652 | Lair:2   | Noticed a seven-headed hydra
 12668 | Lair:2   | Killed a seven-headed hydra
 12947 | Lair:2   | Reached skill level 16 in Earth Magic
 13060 | Lair:2   | Offered knowledge of Poisonous Vapours by Vehumet.
 13520 | Lair:3   | Noticed a death yak
 13520 | Lair:3   | Noticed a death yak
 13520 | Lair:3   | Noticed a death yak
 13617 | D:9      | Found a staircase to the Orcish Mines.
 13662 | D:9      | Found an ancient bone altar of Kikubaaqudgha.
 13688 | D:9      | Found a stormy altar of Qazlal.
 13739 | D:9      | Found Atumett's General Store.
 13793 | D:9      | Reached *** piety under Vehumet
 14496 | D:9      | Offered knowledge of Olgreb's Toxic Radiance by Vehumet.
 14846 | D:10     | Entered Level 10 of the Dungeon
 14934 | D:10     | Learned a level 4 spell: Flame Wave
 15012 | D:10     | Found a blossoming altar of Fedhas.
 15068 | D:10     | Reached skill level 1 in Fire Magic
 15237 | D:10     | Found a hazy altar of Hepliaklqana.
 15258 | D:10     | Noticed a two-headed ogre
 15263 | D:10     | Killed a two-headed ogre
 15861 | D:10     | Noticed a two-headed ogre
 15867 | D:10     | Killed a two-headed ogre
 16162 | D:11     | Found a bloodstained altar of Trog.
 16162 | D:11     | Noticed a tengu warrior
 16162 | D:11     | Noticed Ntrails's ghost (journeyman DgFE)
 16166 | D:11     | Noticed a two-headed ogre
 16191 | D:11     | Found a transporter.
 16200 | D:11     | Found a transporter.
 16318 | D:11     | Reached **** piety under Vehumet
 16614 | D:11     | Noticed a tengu warrior
 16631 | D:11     | Shot with a bolt by a tengu warrior

Illustrated notes

Levels and vault maps discovered:
D:1:      saegor_arrival_simple_b, layout_loops_ring
D:2:      layout_loops_ring, serial_co_window_serial, co_window_paths_a,
          co_window_corner_a, co_window_corner_a, co_window_paths_b,
          co_window_paths_a, co_window_broadway_c, co_window_paths_c,
          co_window_broadway_b, co_window_cross_2, co_window_4corner_a,
          glass_columns_a, glass_columns_c, glass_columns_b, glass_columns_b
D:3:      layout_basic, nicolae_overflow_ecumenical_swirl, bloody_makhleb,
          nemelex_diamond_rough_becter, elyvilon_altar_1,
          dreamdust_ecumenical_altar_statues, uniq_robin, uniq_natasha
D:4:      layout_rooms, nicolae_gozag_seed_capital, gup_sewer_entry_bowl,
          serial_shops, shop, gup_ossuary_entry_pyramid
D:5:      layout_basic, kennysheep_mini, minmay_increasing_density, uniq_ijyb
D:6:      layout_basic, serial_shops, shop
D:7:      layout_basic, lemuel_coloured_pillars_altar,
          minmay_temple_entry_butterflies
D:8:      minmay_bubble_buster, layout_basic, mainiacjoe_overflow_big_doors,
          dpeg_oklobed_lair, uniq_maurice
D:9:      layout_big_octagon, mainiacjoe_overflow_brackets,
          mainiacjoe_overflow_alcove_2, minmay_orc_entry_guard_dogs,
          serial_shops, nicolae_shop_tiny_real_fake_doors
D:10:     layout_basic, nicolae_overflow_crystal_walls, tgw_fedhas
D:11:     layout_grid_maze, gammafunk_ghost_wrathful_warriors,
          gauntlet_entry_generic
Temple:   nicolae_temple_cloud_nine
Lair:1:   layout_regular_city, nicolae_volcano_entry_lava_flow,
          hangedman_tree_tricks, minmay_stone_trees_medium,
          serial_bayou_shore_b, uniq_harold
Lair:2:   layout_layer_cave, kennysheep_abandoned_house, serial_bayou_shore_b,
          uniq_amaemon
Lair:3:   layout_regular_city, minmay_shoals_entry_lonely_mermaid,
          nicolae_snake_entry_warm_welcome, lemuel_fruit_tree
Lair:4:   layout_cave_pods, slime_entry_2, grunt_megastairs_1,
          serial_bayou_shore_a

Skill      XL: |  1  2  3  4  5  6  7  8  9 10 11 12 |
---------------+-------------------------------------+-----
Earth Magic    | 4 5 6 7 9 11 13 15 16 | 16.4
Stealth        | 3 4 5 6 8 9 11 12 | 12.3
Spellcasting   | 3 4 5 6 7 8 9 |  9.6
Conjurations   | 1 2 3 4 5 6 |  6.9
Fire Magic     | 3 |  3.9
Dodging        | |  1.5
Transmutations | |  0.7

Action                     |  1- 3 |  4- 6 |  7- 9 | 10-12 || total
---------------------------+-------+-------+-------+-------++-------
  Melee: Unarmed           |       |       |     1 |     2 ||     3
   Cast: Sandblast         |    55 |   122 |   162 |   288 ||   627
         Passwall          |     2 |     1 |       |       ||     3
         Stone Arrow       |       |       |     2 |    83 ||    85
         Flame Wave        |       |       |       |     7 ||     7
  Evoke: Wand              |       |     2 |       |     5 ||     7
    Use: Scroll            |       |       |    14 |     7 ||    21
         Potion            |       |       |     1 |     5 ||     6
 Armour: Robe              |    15 |    29 |    25 |   185 ||   254
  Dodge: Dodged            |    26 |    24 |    30 |   208 ||   288
